 Dungeon Crawl Stone Soup version 0.30-a0-924-g0ad0bf95bc (webtiles) character file.

Game seed: 5290939660301337132

487 Iniera the Conjurer (level 7, -6/48 HPs)
             Began as a Vine Stalker Conjurer on Mar 22, 2023.
             Mangled by an ice beast (12 damage)
             ... on level 5 of the Dungeon.
             The game lasted 00:07:36 (5015 turns).

Iniera the Conjurer (Vine Stalker Conjurer)         Turns: 5015, Time: 00:07:37

Health: -6/48      AC: 23    Str: 16    XL:     7   Next: 13%
Magic:  0/13       EV:  2    Int: 20    God:
Gold:   308        SH:  0    Dex: 12    Spells: 2/13 levels left

rFire   . . .      SeeInvis .    i - +2 dagger (freeze)
rCold   . . .      Faith    .    (no shield)
rNeg    . . .      Spirit   +    a - melded +0 robe
rPois   +          Reflect  .    (helmet currently unavailable)
rElec   .          Rampage  .    n - melded +0 cloak
rCorr   .          NoTele   +    (gloves currently unavailable)
Will    .....                    p - melded +0 pair of boots
Stlth   ++                       (no amulet)
HPRegen 1.08/turn                q - +6 ring of strength
MPRegen 0.13/turn                (no ring)

@: tree-form
A: stationary, stasis, torment immunity, boosted hp, (fangs 2), regeneration 1,
magic shield, (antimagic bite), no potion heal 2
a: no special abilities


You were on level 5 of the Dungeon.
You were a tree.
You visited 1 branch of the dungeon, and saw 5 of its levels.

You collected 308 gold pieces.

Inventory:

Hand Weapons
 b - a +0 rapier
 i - a +2 dagger of freezing (weapon)
Armour
 a - a +0 robe (melded)
 n - a +0 cloak (melded)
 p - a +0 pair of boots (melded)
Jewellery
 q - a +6 ring of strength (left branch)
 r - a ring of poison resistance
Scrolls
 g - a scroll of fear
 j - a scroll of magic mapping
 m - a scroll of brand weapon {unknown}
 s - a scroll of enchant weapon
Potions
 c - a potion of flight
 d - 4 potions of lignification
 e - a potion of attraction
 f - 3 potions of heal wounds {unknown}
 h - a potion of might {unknown}
 k - 2 potions of resistance
 l - 2 potions of curing {unknown}
 o - a potion of invisibility {unknown}


   Skills:
 - Level 1.5 Dodging
 - Level 2.4 Stealth
 + Level 3.6 Spellcasting
 + Level 7.4 Conjurations
 + Level 1.1 Hexes
 + Level 1.1 Translocations


You had 2 spell levels left.
You knew the following spells:

 Your Spells              Type           Power      Damage    Failure   Level
a - Magic Dart            Conj           100%       1d8       1%          1
b - Searing Ray           Conj           66%        2d6       1%          2
c - Fulminant Prism       Conj/Hex       10%        3d8       22%         4
d - Iskenderun's Mystic   Conj/Tloc      20%        2d6       22%         4

Your spell library contained the following spells:

 Spells                   Type           Power      Damage    Failure   Level
 Lesser Beckoning         Tloc           16%        N/A       12%         2
 Freeze                   Ice            12%        1d3       13%         1
 Ensorcelled Hibernation  Hex/Ice        10%        N/A       16%         2
 Passwall                 Tmut/Erth      2%         N/A       21%         2
 Dazzling Flash           Conj/Hex       40%        N/A       7%          3
 Hailstorm                Conj/Ice       18%        3d6       9%          3
 Gell's Gravitas          Tloc           8%         N/A       24%         3
 Teleport Other           Tloc           8%         N/A       24%         3
 Frozen Ramparts          Ice            6%         1d1       36%         3
 Swiftness                Air            3%         N/A       36%         3
 Malign Gateway           Summ/Tloc      3%         N/A       100%        7
 Summon Horrible Things   Summ           1%         N/A       100%        8


Dungeon Overview and Level Annotations

Branches:
Dungeon (5/15)
 Temple: D:4-7

Altars:
Dithmenos

Shops:
D:1 [   D:3 :

Annotations:
D:5 1 transporter


Innate Abilities, Weirdness & Mutations

You are a tree.
Your roots penetrate the ground, keeping you stationary.
You cannot be teleported.
You are immune to unholy pain and torment.
Your maximum health is greatly increased.
Your equipment is partially melded.
((You have extremely sharp teeth.))
Your natural rate of healing is unusually fast.
When hurt, damage is shared between your health and your magic reserves.
((Your bite disrupts and absorbs the magic of your enemies.))
Potions cannot restore your health.


Message History

The searing ray hits the ice beast.
The ice beast is moderately wounded. (Press . to maintain the ray.)
The ice beast hits you. The ice beast freezes you!
The searing ray hits the ice beast!
The ice beast is heavily wounded.
The ice beast closely misses you.
The searing ray hits the ice beast but does no damage.
The ice beast is heavily wounded.
The ice beast misses you.
The searing ray hits the ice beast.
The ice beast is severely wounded.
You finish channelling your searing ray.
The ice beast hits you. The ice beast freezes you!
You hit the ice beast but do no damage.
The ice beast is severely wounded.
The ice beast barely misses you.
You hit the ice beast.
The ice beast is severely wounded.
The ice beast hits you. The ice beast freezes you!
* * * LOW HITPOINT WARNING * * *
Really quaff the potion of lignification?
You turn into a tree.
Your +0 cloak melds into your body.
Your +0 pair of boots melds into your body.
Your +0 robe melds into your body.
Your roots penetrate the ground.
The ice beast hits you but does no damage.
You hit the ice beast but do no damage.
The ice beast is severely wounded.
The ice beast hits you but does no damage.
Casting: Searing Ray (safe; 1% risk of failure)
Confirm with . or Enter, or press ? or * to list all spells.
Aiming: Magic Dart (safe; 1% risk of failure)
Press: ? - help, Shift-Dir - straight line, f/p - ice beast
Aim: an ice beast (severely wounded, 100% to hit)
The magic dart hits the ice beast.
The ice beast is almost dead.
The ice beast hits you.
* * * LOW HITPOINT WARNING * * *
The ice beast freezes you!
You die...

... #.# #.# # #.# #.#
# #.# #.# # #.# #.# #
#.# #Y# # #.# #♣# #
#.# #.#
##########.#####.####
...>...........†....#
###.######.##########
#.# #.# #.# #.# #.#
#.# ###+### #.#


You could see an ice beast.

Vanquished Creatures
  A phantom (D:4)
  A scorpion (D:3)
  A jelly (D:4)
  An orc priest (D:3)
  Jessica (D:3)
  An iguana (D:5)
  3 orc wizards
  A sleepcap (D:4)
  3 adders
  3 worms (D:2)
  A dart slug (D:5)
  12 orcs
  2 endoplasms
  5 giant cockroaches
  9 goblins
  9 hobgoblins
  7 jackals
  A quokka (D:2)
  9 ball pythons
  3 bats
  6 frilled lizards
  14 kobolds
  12 rats
106 creatures vanquished.

Vanquished Creatures (others)
  6 plants (D:1)
6 creatures vanquished.

Grand Total: 112 creatures vanquished

Notes
Turn   | Place    | Note
-------+----------+-------------------------------------------
     0 | D:1      | Iniera the Vine Stalker Conjurer began the quest for the
                  | Orb.
     0 | D:1      | Reached XP level 1. HP: 9/9 MP: 4/4
   132 | D:1      | Found Ympa's Armour Shop.
   147 | D:1      | Reached XP level 2. HP: 13/13 MP: 4/6
   523 | D:1      | Learned a level 2 spell: Searing Ray
   544 | D:1      | Reached XP level 3. HP: 16/16 MP: 0/7
   705 | D:1      | You fall into a shaft and drop 1 floor!
   730 | D:2      | Reached skill level 5 in Conjurations
  1172 | D:2      | Gained mutation: Your natural rate of healing is unusually
                  | fast. [Vine Stalker growth]
  1172 | D:2      | Reached XP level 4. HP: 15/21 MP: 0/8
  2533 | D:3      | Noticed Jessica
  2537 | D:3      | Killed Jessica
  2538 | D:3      | Reached skill level 6 in Conjurations
  2538 | D:3      | Reached XP level 5. HP: 24/24 MP: 4/9
  2905 | D:3      | Found Depe's Vocational Training.
  2953 | D:3      | HP: 1/24 [scorpion (3)]
  2958 | D:3      | Reached XP level 6. HP: 6/28 MP: 0/11
  3080 | D:3      | Learned a level 4 spell: Fulminant Prism
  3205 | D:3      | Found a faded altar of an unknown god.
  3545 | D:4      | Reached skill level 7 in Conjurations
  3625 | D:4      | Learned a level 4 spell: Iskenderun's Mystic Blast
  3952 | D:4      | Found a shadowy altar of Dithmenos.
  4631 | D:5      | Entered Level 5 of the Dungeon
  4749 | D:5      | Reached XP level 7. HP: 32/32 MP: 5/13
  4825 | D:5      | Found a transporter.
  4837 | D:5      | Reached skill level 1 in Translocations
  4840 | D:5      | Reached skill level 1 in Hexes
  5015 | D:5      | Mangled by an ice beast

Illustrated notes

Levels and vault maps discovered:
D:1:      sevenhm_arrival_forest_fort_small_4, layout_basic, serial_shops, shop,
          lexackson_kobold_supper
D:2:      layout_loops_ring, minmay_tall_x
D:3:      layout_basic, shapermc_ecumenical_altar_starsandcircs,
          nicolae_shop_vocational, uniq_jessica
D:4:      layout_gridville, nicolae_dithmenos_shadow_blocks,
          chequers_serial_rivers_small_b
D:5:      gammafunk_cloud_chamber, layout_basic, mrwooster_statue_mirror

Skill      XL: |  1  2  3  4  5  6  7 |
---------------+----------------------+-----
Conjurations   | 5 6 7 |  7.4
Spellcasting   | 3 |  3.6
Translocations | 1 |  1.1
Hexes          | 1 |  1.1
Dodging        | |  1.5
Stealth        | |  2.4

Action                     |  1- 3 |  4- 6 |  7- 9 || total
---------------------------+-------+-------+-------++-------
  Melee: Unarmed           |    28 |       |       ||    28
         Bite              |    16 |     4 |       ||    20
         Short sword       |    22 |       |       ||    22
         Dagger            |     2 |    23 |     4 ||    29
   Cast: Magic Dart        |    64 |   122 |    13 ||   199
         Searing Ray       |     1 |     4 |     2 ||     7
    Use: Scroll            |     3 |     8 |       ||    11
         Potion            |       |     4 |     1 ||     5
 Armour: Robe              |    11 |     1 |     3 ||    15
         Skin              |       |     2 |     2 ||     4
  Dodge: Dodged            |    40 |    20 |     5 ||    65

Table legend: (Time is in decaauts)
 A = Elapsed time spent in this place.
 B = Non-inter-level travel time spent in this place.
 C = Inter-level travel time spent in this place.
 D = Time resting spent in this place.
 E = Time spent auto-exploring this place.
 F = Levels seen in this place.
 G = Mean time per level.
                   A        B        C        D        E       F      G
               +--------+--------+--------+--------+--------+-----+--------+
         Total |   5015 |   4899 |    116 |    222 |   4049 |   5 | 1003.0 |
       Dungeon |   5015 |   4899 |    116 |    222 |   4049 |   5 | 1003.0 |
               +--------+--------+--------+--------+--------+-----+--------+

Top non-repeatable levels by time:
     D:1: 1372 daAuts
     D:2: 1160 daAuts
     D:4: 1101 daAuts
     D:3: 997 daAuts
     D:5: 383 daAuts
